 Dungeon Sprint DCSS version 0.27.1-34-g3ba077fa99 (webtiles) character file.

Game seed: 83616205583718452

4 cyrus the Skirmisher (level 3, -6/36 HPs)
             Began as a Minotaur Fighter on Jan 18, 2022.
             Was a Follower of Kikubaaqudgha.
             Succumbed to Sigmund's poison
             ... in the Dungeon (Sprint VI: "Thunderdome").
             The game lasted 00:04:50 (162 turns).

cyrus the Skirmisher (Minotaur Fighter)              Turns: 162, Time: 00:04:50

Health: -6/36      AC:  7    Str: 20    XL:     3   Next: 0%
Magic:  2/2        EV:  7    Int:  6    God:    Kikubaaqudgha [*.....]
Gold:   210        SH:  9    Dex:  9    Spells: 2/2 levels left

rFire    . . .     SeeInvis .   a - +0 war axe
rCold    . . .     Faith    .   c - +0 kite shield
rNeg     . . .     Spirit   .   b - +0 scale mail
rPois    .         Reflect  .   (helmet restricted)
rElec    .         Harm     .   (no cloak)
rCorr    .         Rampage  .   (no gloves)
Will     .....     NoTele   +   (no boots)
Stlth    ..........             (no amulet)
HPRegen  0.12/turn              (no ring)
MPRegen  0.08/turn              (no ring)

@: lethally poisoned (-6 -> -42)
A: horns 2, retaliatory headbutt
a: Renounce Religion, Receive Corpses


You were in the Dungeon.
You worshipped Kikubaaqudgha.
Kikubaaqudgha was aware of your devotion.
You visited 1 branch You collected 210 gold pieces.

Inventory:

Hand Weapons
 a - a +0 war axe (weapon)
 o - a +0 spear
 p - a +0 whip
 q - a +0 flail
Armour
 b - a +0 scale mail (worn)
 c - a +0 kite shield (worn)
Wands
 l - a wand of acid (5)
 m - a wand of iceblast (5)
Scrolls
 j - 4 scrolls of blinking
 n - a scroll of fog
Potions
 d - a potion of might
 e - a potion of curing
 f - 4 potions of heal wounds
 g - 4 potions of haste
 h - 2 potions of magic
 i - a potion of berserk rage
 k - a potion of resistance


   Skills:
 + Level 5.4 Fighting
 + Level 3.1 Axes
 + Level 5.1 Armour
 + Level 0.3 Dodging
 + Level 5.3 Shields


You had 2 spell levels left.
You didn't know any spells.
Your spell library contained the following spells:

 Spells                   Type           Power      Damage    Failure   Level
 Animate Skeleton         Necr           0%         N/A       99%         1
 Pain                     Necr           0%         1d4       99%         1
 Sublimation of Blood     Necr           0%         N/A       100%        2
 Vampiric Draining        Necr           0%         2d6       100%        3


Dungeon Overview and Level Annotations

Branches:
Dungeon (1/1)

Altars:
Fedhas
Gozag
Kikubaaqudgha
Makhleb
Qazlal
Ru
Sif Muna
Trog
Uskayaw
Vehumet
Wu Jian
Xom
Yredelemnul
Zin
Beogh
Jiyva
Lugonu

Shops:
D ?*?*:[((!!!!

Annotations:
D Sigmund


Innate Abilities, Weirdness & Mutations

You have a pair of horns on your head.
You reflexively headbutt those who attack you in melee.


Message History

3... 2... 1...
Time's up!
The arena falls silent.
You now have 4 arena points (gained 4).
You now have 210 gold pieces (gained 10).
You see here a gnoll corpse.
Unknown command.
Unknown command.
Get ready!
ROUND 2!
FIGHT!
You sense a tension in the east.
Sigmund the Dreaded comes into view.
He is wielding a +1 scythe of venom.
Sigmund shouts!
You don't have enough magic capacity.
As you read the scroll of fog, it crumbles to dust.
The scroll dissolves into smoke.
Sigmund gestures at you while chanting. You block the puff of flame.
Sigmund hits you with a +1 scythe of venom.
You are poisoned.
You slash Sigmund!
Sigmund is moderately wounded.
You feel very sick. You block Sigmund's attack.
You closely miss Sigmund. Your headbutt misses Sigmund.
Sigmund is moderately wounded.
You feel very sick.
Sigmund hits you with a +1 scythe of venom.
You are lethally poisoned!
You closely miss Sigmund.
Sigmund is moderately wounded.
* * * LOW HITPOINT WARNING * * *
You feel extremely sick.
Sigmund hits you with a +1 scythe of venom!
* * * LOW HITPOINT WARNING * * *
You are more poisoned.
You die...
Kikubaaqudgha rasps: "You have failed me!
Welcome... death!"

.......###.............##
. .# #...###..........⌠#
... #.<.# #..........⌠#
...# #...###..†.......⌠#
.......###.............##
.....8. #§8........∩###
.......###@§....__.∩##
##.8...§§§§§.8.######
#⌠....§§@§§..§#
###...§§§§§.###
#_..§§§§§_# #........_#
#_......._# #∩.......∩#
##∩.....∩## ##.....##
##⌠⌠⌠##


You could see Sigmund.

Vanquished Creatures
  3 gnolls (D)
3 creatures vanquished.

Notes
Turn   | Place    | Note
-------+----------+-------------------------------------------
     0 | D        | cyrus the Minotaur Fighter began the quest for the Orb.
     0 | D        | Reached XP level 1. HP: 19/19 MP: 0/0
     1 | D        | Found a bloodstained altar of Trog.
     1 | D        | Found a hide-covered altar of Uskayaw.
     5 | D        | Found a basalt altar of Yredelemnul.
     5 | D        | Found a radiant altar of Vehumet.
     5 | D        | Round 1.
     7 | D        | Found a shimmering altar of Xom.
     9 | D        | Found a corrupted altar of Lugonu.
    37 | D        | Found a burning altar of Makhleb.
    37 | D        | Found an opulent altar of Gozag.
    38 | D        | Found an ancient bone altar of Kikubaaqudgha.
    38 | D        | Found a stormy altar of Qazlal.
    39 | D        | Found Fuholier's Weapon Rack.
    39 | D        | Found Yghyerec's Premium Goods.
    40 | D        | Found Jaerrar's Basic Armour.
    40 | D        | Found Tipowosch's Miscellaneous Merchandise.
    46 | D        | Became a worshipper of Uskayaw the Reveller
    48 | D        | Fell from the grace of Uskayaw
    54 | D        | Became a worshipper of Kikubaaqudgha
    60 | D        | Reached XP level 2. HP: 18/28 MP: 1/1
    68 | D        | Found Kuniw's Do-It-Yourself Clinic.
    69 | D        | Found Wusicach's Bottled Wisdom.
    69 | D        | Found Cuzifej's Distillery.
    70 | D        | Found an ornate altar of the Wu Jian Council.
    70 | D        | Found a shimmering blue altar of Sif Muna.
    70 | D        | Found Ydoukhoh's Distillery.
    90 | D        | Reached skill level 5 in Fighting
    95 | D        | Reached * piety under Kikubaaqudgha
    95 | D        | Received a gift from Kikubaaqudgha
    96 | D        | Reached skill level 5 in Armour
    96 | D        | Reached skill level 5 in Shields
    96 | D        | Reached XP level 3. HP: 24/36 MP: 2/2
   111 | D        | Found a glowing silver altar of Zin.
   113 | D        | Found a viscous altar of Jiyva.
   115 | D        | Found Tyn Back's Staff Store.
   117 | D        | Found Ushry's Must-Have Magic.
   117 | D        | Found Oproul's Magic Scroll Shop.
   119 | D        | Found a blossoming altar of Fedhas.
   119 | D        | Found a sacrificial altar of Ru.
   119 | D        | Found Irioxuon's Magic Scroll Shop.
   137 | D        | Arena points: 4 (+4) [x1]
   152 | D        | Round 2.
   152 | D        | Noticed Sigmund
   161 | D        | HP: 1/36 [Sigmund (9)]
   162 | D        | Succumbed to Sigmund's poison

Illustrated notes

Levels and vault maps discovered:
D:        arena_sprint

Skill      XL: |  1  2 |
---------------+-------+-----
Fighting       | 4 5 |  5.4
Armour         | 4 5 |  5.1
Shields        | 4 5 |  5.3
Axes           | 3 |  3.1
Dodging        | |  0.3

Action                   || total
-------------------------++-------
Melee: War axe           ||    11
       Headbutt          ||     1
Invok: Renounce Religion ||     1
  Use: Scroll            ||     2
Dodge: Dodged            ||     5
Block: Kite shield       ||     9
